 Dungeon Crawl Stone Soup version 0.30-a0-782-ge64f9170bb (webtiles) character file.

Game seed: 5122368081260548716

1619 HoaS the Skirmisher (level 8, -9/44 HPs)
             Began as a Gargoyle Hunter on Mar 9, 2023.
             Was a Believer of Zin.
             Mangled by an ogre
             ... wielding a +0 giant club
              (24 damage)
             ... on level 6 of the Dungeon.
             The game lasted 00:11:57 (5803 turns).

HoaS the Skirmisher (Gargoyle Hunter)               Turns: 5803, Time: 00:11:58

Health: -9/44      AC: 12    Str: 15    XL:     8   Next: 96%
Magic:  10/10      EV: 12    Int: 10    God:    Zin [**....]
Gold:   237        SH:  0    Dex: 21    Spells: 7/7 levels left

rFire   . . .      SeeInvis .    a - +1 shortbow
rCold   . . .      Faith    .    (shield currently unavailable)
rNeg    + . .      Spirit   .    c - +0 leather armour
rPois   ∞          Reflect  .    i - +1 helmet
rElec   +          Harm     .    d - +0 cloak
rCorr   .          Rampage  .    h - +0 pair of gloves
Will    .....                    (no boots)
Stlth   ++                       (no amulet)
HPRegen 0.27/turn                r - +6 ring of dexterity
MPRegen 0.12/turn                (no ring)

@: no status effects
A: sickness immunity, AC +5, negative energy resistance 1, electricity
resistance, torment resistance 1, petrification resistance
a: Renounce Religion, Recite, Vitalisation, Donate Gold


You were on level 6 of the Dungeon.
You worshipped Zin.
Zin was pleased with you.
You visited 2 branches of the dungeon, and saw 7 of its levels.
You also visited: Ossuary.

You collected 819 gold pieces.
You spent 556 gold pieces at shops.
You donated 26 gold pieces to Zin.

Inventory:

Hand Weapons
 a - a +1 shortbow (weapon)
Armour
 c - a +0 leather armour (worn)
 d - a +0 cloak (worn)
 h - a +0 pair of gloves (worn)
 i - a +1 helmet (worn)
Jewellery
 r - a +6 ring of dexterity (left hand)
Wands
 n - a wand of digging (3)
 q - a wand of charming (8)
Scrolls
 b - 2 scrolls of immolation
 p - a scroll of poison
 s - 2 scrolls of identify
Potions
 e - a potion of mutation {unknown}
 g - a potion of attraction {unknown}
 j - 3 potions of might {unknown}
 k - 3 potions of flight
 l - a potion of invisibility {unknown}
 m - 3 potions of curing
 o - 2 potions of ambrosia


   Skills:
 - Level 2.1 Fighting
 * Level 11.2 Ranged Weapons
 - Level 1.5 Dodging
 - Level 1.1 Stealth
 + Level 3.4 Invocations


You had 7 spell levels left.
You didn't know any spells.
Your spell library contained the following spells:

 Spells                   Type           Power      Damage    Failure   Level
 Blink                    Tloc           0%         N/A       56%         2
 Lesser Beckoning         Tloc           0%         N/A       56%         2
 Momentum Strike          Conj/Tloc      0%         3d8       56%         2
 Poisonous Vapours        Pois/Air       0%         N/A       56%         2
 Frozen Ramparts          Ice            0%         1d1       80%         3
 Mephitic Cloud           Conj/Pois/Air  0%         N/A       80%         3
 Ozocubu's Armour         Ice            0%         N/A       80%         3
 Airstrike                Air            0%         2d(0-16)  99%         4
 Ice Form                 Ice/Tmut       0%         N/A       99%         4
 Summon Ice Beast         Ice/Summ       0%         N/A       99%         4
 Summon Lightning Spire   Summ/Air       0%         N/A       99%         4
 Lightning Bolt           Conj/Air       0%         1d11      100%        5
 Metabolic Englaciation   Hex/Ice        0%         N/A       100%        5
 Simulacrum               Ice/Necr       0%         N/A       100%        6
 Cigotuvi's Dreadful Rot  Necr/Pois/Air  Unusable   N/A       N/A         2

Dungeon Overview and Level Annotations

Branches:
Dungeon (6/15)             Temple (1/1) D:5         Ossuary (visited)

Altars:
Ashenzari
Elyvilon
Fedhas
Gozag
Hepliaklqana
Kikubaaqudgha
Makhleb
Nemelex Xobeh
Qazlal
Ru
Sif Muna
Trog
Uskayaw
Wu Jian
Xom
Zin

Shops:
D:3 (*=!(   D:5 (*


Innate Abilities, Weirdness & Mutations

You are immune to sickness and miasma.
Your stone body is resilient. (AC +5)
You are immune to poison.
You resist negative energy. (rN+)
You are resistant to electric shocks. (rElec)
You are resistant to unholy torment.
You are immune to petrification.


Message History

You shoot an arrow.
The arrow hits the ogre but does no damage.
You shoot an arrow. The arrow hits the ogre.
The ogre is lightly wounded.
An orc comes into view. It is wielding a +0 dagger.
You shoot an arrow. The orc shouts!
The arrow hits the ogre!
The ogre is moderately wounded.
You hear an angry hiss.
An adder comes into view.
You shoot an arrow. The arrow hits the ogre.
The ogre is heavily wounded.
The ogre barely misses you.
You shoot an arrow.
The arrow hits the ogre but does no damage.
The ogre is heavily wounded.
An adder comes into view.
The ogre hits you with a +0 giant club!
You shoot an arrow. The arrow hits the ogre.
The ogre is heavily wounded.
You shoot an arrow. The arrow hits the ogre!
The ogre is almost dead.
The ogre hits you with a +0 giant club!!
You are too injured to fight recklessly!
You are too injured to fight recklessly!
You are too injured to fight recklessly!
You shoot an arrow. The arrow barely misses the ogre.
The ogre hits you with a +0 giant club!!
Zin protects you from harm!
You shoot an arrow. The arrow completely misses the ogre.
You shoot an arrow. The arrow barely misses the ogre.
A scorpion comes into view.
The ogre closely misses you.
You shoot an arrow. The arrow hits the ogre.
The ogre is almost dead.
You hear a shout!
The ogre hits you with a +0 giant club!!
Ouch! That really hurt!
You die...

#.# . #.# .
#.# . #.#
####.# ##.##.#
###@#.#.#
#sSSoO###..#
...####.#..##
#.#.# #...#
##.#.#
########.###..
#.........#
##.#
##>########..#
#


You could see an ogre, a scorpion, 2 adders and an orc.

Vanquished Creatures
  Sigmund (D:3)
  Eustachio (D:4)
  The ghost of ak47sunrisetnf the Trooper, an amateur OpFi (D:3)
  2 black bears
  An ice beast (D:5)
  3 ogres
  A scorpion (D:5)
  3 jellies
  2 hounds (D:5)
  An orc priest (D:5)
  Natasha (twice) (D:2)
  5 iguanas
  An orc wizard (D:6)
  2 mummies (Ossuary)
  2 gnolls
  6 adders
  An ufetubus (D:5)
  4 worms
  5 dart slugs
  4 orcs (D:5)
  7 endoplasms
  A giant cockroach (D:4)
  4 gnoll zombies (Ossuary)
  3 goblins
  10 hobgoblins
  12 jackals
  2 quokkas (D:1)
  13 ball pythons
  5 bats
  2 frilled lizards
  3 goblin zombies (Ossuary)
  2 hobgoblin zombies (Ossuary)
  10 kobolds
  5 orc zombies (Ossuary)
  8 rats
135 creatures vanquished.

Notes
Turn   | Place    | Note
-------+----------+-------------------------------------------
     0 | D:1      | HoaS the Gargoyle Hunter began the quest for the Orb.
     0 | D:1      | Reached XP level 1. HP: 12/12 MP: 1/1
    80 | D:1      | Reached XP level 2. HP: 17/17 MP: 2/2
   329 | D:1      | Reached XP level 3. HP: 20/21 MP: 3/3
   452 | D:1      | Reached skill level 5 in Ranged Weapons
   890 | D:2      | Noticed Natasha
   898 | D:2      | Killed Natasha
   899 | D:2      | Reached XP level 4. HP: 12/26 MP: 4/4
  1029 | D:2      | Noticed Natasha
  1032 | D:2      | Killed Natasha
  1033 | D:2      | Reached skill level 6 in Ranged Weapons
  1033 | D:2      | Reached XP level 5. HP: 30/30 MP: 5/5
  1381 | D:3      | Noticed Sigmund
  1513 | D:3      | Found a shimmering altar of Xom.
  1544 | D:3      | Found Sittiwos's Assorted Antiques.
  1548 | D:3      | Found Niss's Weapon Shop.
  1723 | D:3      | Identified the +10 trident of Ruination {spect, Dex+3 SInv}
  1826 | D:3      | Found Xelis's Distillery.
  1841 | D:3      | Bought a potion of curing for 33 gold pieces
  1841 | D:3      | Bought a potion of heal wounds for 55 gold pieces
  1995 | D:3      | Killed Sigmund
  1996 | D:3      | Reached skill level 7 in Ranged Weapons
  1996 | D:3      | Reached XP level 6. HP: 25/35 MP: 6/6
  2065 | D:3      | Found a runed translucent door.
  2074 | D:3      | Noticed ak47sunrisetnf's ghost (amateur OpFi)
  2110 | D:3      | Found Wuosiu's Weapon Shop.
  2458 | D:3      | Found Xitaj's Jewellery Shoppe.
  2845 | D:4      | Noticed a black bear
  2864 | D:4      | Killed a black bear
  2865 | D:4      | Reached skill level 8 in Ranged Weapons
  2865 | D:4      | Reached XP level 7. HP: 6/40 MP: 7/7
  3241 | D:4      | Noticed Eustachio
  3327 | D:4      | Found a white marble altar of Elyvilon.
  3502 | D:4      | Killed Eustachio
  3503 | D:4      | Reached skill level 9 in Ranged Weapons
  3672 | D:5      | Entered Level 5 of the Dungeon
  3738 | D:5      | Found Moywneeq's Assorted Antiques.
  3764 | D:5      | Found a staircase to the Ecumenical Temple.
  3822 | D:5      | Found a sand-covered staircase.
  3831 | Ossuary  | Entered an ossuary
  4152 | D:5      | Reached XP level 8. HP: 44/44 MP: 8/8
  4336 | D:3      | Bought a +6 ring of dexterity for 468 gold pieces
  4464 | D:3      | Killed ak47sunrisetnf's ghost
  4465 | D:3      | Reached skill level 10 in Ranged Weapons
  4624 | Temple   | Entered the Ecumenical Temple
  4646 | Temple   | Became a worshipper of Zin the Law-Giver
  4646 | Temple   | Reached * piety under Zin
  4734 | D:5      | Found Ytwe's Weapon Boutique.
  4757 | D:5      | Reached skill level 1 in Invocations
  5098 | D:5      | Found an ornate altar of the Wu Jian Council.
  5349 | D:5      | Reached ** piety under Zin
  5391 | D:5      | Found a burning altar of Makhleb.
  5400 | D:5      | Found a stormy altar of Qazlal.
  5598 | D:6      | Reached skill level 11 in Ranged Weapons
  5800 | D:6      | Zin protects you from harm!
  5803 | D:6      | Mangled by an ogre

Illustrated notes

Levels and vault maps discovered:
D:1:      dpeg_arrival_fog, layout_loops_ring, corner_web_ring
D:2:      layout_basic, uniq_natasha
D:3:      layout_loops_corners, xom_confusion_cloud,
          ebering_ghost_reflecting_pool, serial_shops, shop_coins, shop, shop,
          shop, shop_coins, eino_tiny_chamber, minmay_pentomino_pile,
          uniq_sigmund
D:4:      layout_basic, mainiacjoe_overflow_surrounded_room, uniq_eustachio
D:5:      layout_basic, pdpol_wu_jian_five_deadly_venoms,
          mainiacjoe_overflow_swirl, minmay_temple_entry_grid, serial_shops,
          shop, shop, nicolae_ossuary_entry_ruins, corexii_leaking_fountain,
          kennysheep_generic_room_7
D:6:      layout_loops_ring, kennysheep_okawaru_gauntlet, minmay_ruined_shrine
Temple:   minmay_freezing_vapour_temple

Skill      XL: |  1  2  3  4  5  6  7  8 |
---------------+-------------------------+-----
Ranged Weapons | 5 6 7 8 9 11 | 11.2
Invocations    | 3 |  3.4
Fighting       | |  2.1
Dodging        | |  1.5
Stealth        | |  1.1

Action                     |  1- 3 |  4- 6 |  7- 9 || total
---------------------------+-------+-------+-------++-------
   Fire: Shortbow          |   101 |   169 |   255 ||   525
    Use: Scroll            |     3 |     7 |     5 ||    15
         Potion            |       |     1 |     1 ||     2
 Armour: Leather armour    |    20 |    32 |    62 ||   114
  Dodge: Dodged            |    23 |    48 |    88 ||   159

Table legend: (Time is in decaauts)
 A = Elapsed time spent in this place.
 B = Non-inter-level travel time spent in this place.
 C = Inter-level travel time spent in this place.
 D = Time resting spent in this place.
 E = Time spent auto-exploring this place.
 F = Levels seen in this place.
 G = Mean time per level.
                   A        B        C        D        E       F      G
               +--------+--------+--------+--------+--------+-----+--------+
         Total |   5890 |   5405 |    485 |   1097 |   3361 |   8 |  736.2 |
       Dungeon |   5541 |   5061 |    480 |    940 |   3283 |   6 |  923.5 |
        Temple |     27 |     22 |      5 |      0 |     11 |   1 |   27.0 |
       Ossuary |    320 |    320 |      0 |    157 |     67 |   1 |  320.0 |
               +--------+--------+--------+--------+--------+-----+--------+

Top non-repeatable levels by time:
     D:3: 1708 daAuts
     D:5: 1079 daAuts
     D:4: 979 daAuts
     D:1: 771 daAuts
     D:2: 729 daAuts
 Ossuary: 320 daAuts
     D:6: 273 daAuts
  Temple: 27 daAuts
